 Dungeon Crawl Stone Soup version 0.28-a0-1143-gcf6077d4cc (webtiles) character file.

Game seed: 18105236621027292419

140 garbled the Skirmisher (level 5, -1/41 (42) HPs)
             Began as a Demonspawn Monk on Dec 14, 2021.
             Slain by Grinder (3 damage)
             ... on level 3 of the Dungeon.
             The game lasted 00:07:10 (4052 turns).

garbled the Skirmisher (Demonspawn Monk)            Turns: 4052, Time: 00:07:10

HP:   -1/41 (42)    AC: 11    Str: 13    XL:     5   Next: 2%
MP:   5/5           EV:  6    Int: 11    God:
Gold: 130           SH:  0    Dex: 16    Spells: 4/4 levels left

rFire   . . .      SeeInvis +     - Unarmed
rCold   . . .      Faith    .   (no shield)
rNeg    . . .      Spirit   .   f - +0 chain mail
rPois   .          Reflect  .   a - +0 helmet
rElec   .          Harm     .   k - +0 cloak
rCorr   .          Rampage  .   (no gloves)
Will    .....                   h - +0 pair of boots
Stlth   ..........              (no amulet)
HPRegen 0.13/turn               j - ring of see invisible
MPRegen 0.09/turn               (no ring)

@: lightly drained
A: claws 2, powered by pain 2
a: no special abilities


You were on level 3 of the Dungeon.
You visited 1 branch of the dungeon, and saw 3 of its levels.

You collected 130 gold pieces.

Inventory:

Missiles
 n - 20 poisoned darts (quivered)
Armour
 a - a +0 helmet (worn)
 f - a +0 chain mail (worn)
 h - a +0 pair of boots (worn)
 k - a +0 cloak (worn)
Jewellery
 j - a ring of see invisible (left claw)
Scrolls
 e - a scroll of fear {unknown}
 i - a scroll of amnesia {unknown}
 l - 2 scrolls of identify {unknown}
 m - a scroll of acquirement {unknown}
 o - a scroll of noise {unknown}
Potions
 b - a potion of might {unknown}
 c - a potion of curing {unknown}
 d - a potion of magic {unknown}
 g - a potion of lignification {unknown}


   Skills:
 + Level 3.9 Fighting
 - Level 2.9 Polearms
 + Level 1.4 Armour
 - Level 3.0 Dodging
 - Level 1.7 Stealth
 * Level 2.5 Unarmed Combat


You had 4 spell levels left.
You didn't know any spells.
Your spell library contained the following spells:

 Spells                   Type           Power      Damage    Failure   Level
 Ensorcelled Hibernation  Hex/Ice        0%         N/A       100%        2
 Spider Form              Tmut/Pois      0%         N/A       100%        3


Dungeon Overview and Level Annotations

Branches:
Dungeon (3/15)

Altars:

Annotations:
D:3 Grinder


Innate Abilities, Weirdness & Mutations

You have very sharp fingernails.
You sometimes gain power by taking damage.


Message History

Unknown command.
You scratch Grinder.
Grinder is moderately wounded.
Grinder hits you.
You writhe in agony.
You barely miss Grinder.
Grinder is moderately wounded.
Grinder hits you but does no damage.
You scratch Grinder but do no damage.
Grinder is moderately wounded.
Grinder hits you but does no damage.
You scratch Grinder.
Grinder is moderately wounded.
Grinder hits you but does no damage.
You claw Grinder!
Grinder is heavily wounded.
Grinder gestures at you. Pain shoots through your body!
* * * LOW HITPOINT WARNING * * *
You scratch Grinder.
Grinder is severely wounded.
Grinder hits you but does no damage.
You scratch Grinder but do no damage.
Grinder is severely wounded.
Grinder barely misses you.
You scratch Grinder.
Grinder is severely wounded.
Grinder barely misses you.
You barely miss Grinder.
Grinder is severely wounded.
Grinder hits you.
* * * LOW HITPOINT WARNING * * *
You writhe in agony.
* * * LOW HITPOINT WARNING * * *
You completely miss Grinder.
Grinder is severely wounded.
Grinder hits you but does no damage.
You barely miss Grinder.
Grinder is severely wounded.
Grinder hits you.
You die...

#ยง.###..#
#......#
###.##....
#.# . #.#
#.# #.#
#5# #@#
#.# #)#
######(#
#....<.#
#.######


You could see Grinder.

Vanquished Creatures
  An orc priest (D:2)
  An orc wizard (D:3)
  3 gnolls
  An adder (D:2)
  A worm (D:2)
  A dart slug (D:1)
  3 orcs
  4 ball pythons (D:1)
  2 bats (D:1)
  An endoplasm (D:1)
  4 hobgoblins
  2 jackals (D:1)
  A quokka (D:2)
  A frilled lizard (D:2)
  4 goblins
  7 kobolds
  6 rats
43 creatures vanquished.

Notes
Turn   | Place    | Note
-------+----------+-------------------------------------------
     0 | D:1      | garbled the Demonspawn Monk began the quest for the Orb.
     0 | D:1      | Reached XP level 1. HP: 18/18 MP: 1/1
   474 | D:1      | Found a faded altar of an unknown god.
   483 | D:1      | Gained mutation: You have sharp fingernails. [demonic
                  | ancestry]
   483 | D:1      | Reached XP level 2. HP: 22/24 MP: 2/2
  2082 | D:2      | Reached skill level 1 in Unarmed Combat
  2083 | D:2      | Gained mutation: You sometimes gain a little power by
                  | taking damage. [demonic ancestry]
  2083 | D:2      | Reached XP level 3. HP: 29/29 MP: 3/3
  3268 | D:2      | Gained mutation: You sometimes gain power by taking damage.
                  | [demonic ancestry]
  3268 | D:2      | Reached XP level 4. HP: 27/35 MP: 4/4
  3382 | D:2      | Reached skill level 1 in Armour
  3555 | D:3      | Noticed Grinder
  4040 | D:3      | Gained mutation: You have very sharp fingernails. [demonic
                  | ancestry]
  4040 | D:3      | Reached XP level 5. HP: 36/41 MP: 5/5
  4050 | D:3      | HP: 1/41 [Grinder (3)]
  4052 | D:3      | Slain by Grinder

Illustrated notes

Levels and vault maps discovered:
D:1:      sevenhm_arrival_forest_fort_large_3, layout_loops_corners,
          chequers_ecumenical_altar_island
D:2:      layout_basic
D:3:      layout_loops_ring, serial_shops, shop, uniq_grinder

Skill      XL: |  1  2  3  4 |
---------------+-------------+-----
Dodging        | 3 |  3.0
Unarmed Combat | 1 2 |  2.5
Armour         | 1 |  1.4
Fighting       | |  3.9
Polearms       | |  2.9
Stealth        | |  1.7

Action                   |  1- 3 |  4- 6 || total
-------------------------+-------+-------++-------
Melee: Spear             |    34 |       ||    34
       Unarmed           |   140 |    77 ||   217
       Punch             |       |     1 ||     1
 Stab: Sleeping          |     5 |       ||     5
Armor: Robe              |    13 |       ||    13
       Chain mail        |    43 |    39 ||    82
Dodge: Dodged            |    62 |    17 ||    79

Table legend: (Time is in decaauts)
 A = Elapsed time spent in this place.
 B = Non-inter-level travel time spent in this place.
 C = Inter-level travel time spent in this place.
 D = Time resting spent in this place.
 E = Time spent auto-exploring this place.
 F = Levels seen in this place.
 G = Mean time per level.
                   A        B        C        D        E       F      G
               +--------+--------+--------+--------+--------+-----+--------+
         Total |   4051 |   3981 |     70 |   1478 |   1924 |   3 | 1350.3 |
       Dungeon |   4051 |   3981 |     70 |   1478 |   1924 |   3 | 1350.3 |
               +--------+--------+--------+--------+--------+-----+--------+

Top non-repeatable levels by time:
     D:1: 2494 daAuts
     D:2: 1480 daAuts
     D:3: 76 daAuts
